 Dungeon Crawl Stone Soup version 0.30.0-30-g96aa6591b8 (webtiles) character file.

Game seed: 11019163232322372332

24 Peloso the Trooper (level 2, 24/24 HPs)
             Began as a Minotaur Fighter on June 28, 2023.
             Got out of the dungeon alive.
             The game lasted 00:01:19 (1226 turns).

Peloso the Trooper (Minotaur Fighter)               Turns: 1226, Time: 00:01:20

Health: 24/24      AC:  7    Str: 19    XL:     2   Next: 79%
Magic:  1/1        EV:  9    Int:  9    God:
Gold:   48         SH:  4    Dex:  8    Spells: 1/1 levels left

rFire   . . .        a - +0 long sword
rCold   + . .        c - +0 buckler
rNeg    . . .        b - +0 scale mail
rPois   .            (helmet restricted)
rElec   .            (no cloak)
rCorr   .            (no gloves)
SInv    .            (no boots)
Will    .....        (no amulet) Stlth
                     (no ring)
HPRegen 0.24/turn    (no ring)
MPRegen 0.07/turn

%: clarity
@: no status effects
A: horns 2, retaliatory headbutt, clarity, clever 1, cold resistance 1, frail 1
a: no special abilities


You escaped.
You visited 1 branch of the dungeon, and saw 1 of its levels.

You collected 48 gold pieces.

Inventory:

Hand Weapons
 a - a +0 long sword (weapon)
Armour
 b - a +0 scale mail (worn)
 c - a +0 buckler (worn)
Jewellery
 k - a ring of flight
Scrolls
 f - 4 scrolls of identify {unknown}
 i - a scroll of noise {unknown}
 l - a scroll of fog {unknown}
Potions
 d - a potion of might
 h - a potion of attraction {unknown}
 j - a potion of lignification {unknown}


   Skills:
 + Level 4.1 Fighting
 + Level 2.5 Long Blades
 + Level 4.0 Armour
 + Level 0.3 Dodging
 + Level 4.0 Shields


You had one spell level left.
You didn't know any spells.
Your spell library contained the following spells:

 Spells                   Type           Power      Damage    Failure   Level
 Sandblast                Erth           0%         2d4       83%         1
 Passwall                 Tmut/Erth      0%         N/A       92%         2
 Stone Arrow              Conj/Erth      0%         3d7       99%         3


Dungeon Overview and Level Annotations

Branches:
Dungeon (1/15)

Altars:


Innate Abilities, Weirdness & Mutations

You have a pair of horns on your head.
You reflexively headbutt those who attack you in melee.
You possess an exceptional clarity of mind.
Your mind is acute. (Int +4, Str/Dex -1)
Your flesh is cold resistant. (rC+)
You are frail. (-10% HP)


Message History

You see here a rat skeleton.
You see here a quokka skeleton.
Things that are here:
a +0 club; a kobold skeleton
Items here: ( ))).
Things that are here:
a +0 dagger; 9 stones Key pressed, stopping explore.
You see here a +0 club.
You see here a +0 leather armour.
You see here a +0 leather armour.
You see here a +0 club.
Partly explored, can't reach some places.
Partly explored, can't reach some places.
Partly explored, can't reach some places.
Partly explored, can't reach some places.
It was a potion of ambrosia.
You are confused.
You feel invigorated.
It was a potion of mutation.
You feel extremely strange.
You feel frail.
You feel clever.
Your thoughts seem clearer.
You feel resistant to cold.
Unknown command.
(D) Dungeon
Where to? (? - help)
What level of the Dungeon? (default 1, ? - help)
You are too confused!
You start waiting.
You feel less invigorated.
You feel less confused.
You start waiting.
You start waiting.
Done waiting.
(D) Dungeon
Where to? (Enter - D:1 @ (x,y), ? - help)
What level of the Dungeon? (default 1, ? - help)
You see here a +0 dagger.
There is a staircase leading out of the dungeon here.
Are you sure you want to leave the Dungeon?
This will make you lose the game!
You have escaped!

......# #.........# #......#
###.### ########### ######.#
###.# ##>### ###>###.##### ....#
##....### ###....##......
#######..⌠....#####....⌠..#######
#.....⌠....#....⌠.....#..#
#..⌠....⌠.....⌠....⌠..#..#
#................(....#..#
#######....@....#######..#
####...#### #..# ##...## #..###
##### ##..⌠..## #..... ....#
##.......########.####
###.########..⌠...⌠..##......#
#.....##.......⌠.).....######
#........###.......###.#
#.....#### #########.#.##


There were no monsters in sight!

Vanquished Creatures
  An endoplasm (D:1)
  2 goblins (D:1)
  2 hobgoblins (D:1)
  4 quokkas (D:1)
  3 ball pythons (D:1)
  A bat (D:1)
  2 frilled lizards (D:1)
  5 kobolds (D:1)
  4 rats (D:1)
24 creatures vanquished.

Notes
Turn   | Place    | Note
-------+----------+-------------------------------------------
     0 | D:1      | Peloso the Minotaur Fighter began the quest for the Orb.
     0 | D:1      | Reached XP level 1. HP: 19/19 MP: 0/0
   357 | D:1      | Found a faded altar of an unknown god.
   505 | D:1      | Reached XP level 2. HP: 27/27 MP: 1/1
   986 | D:1      | Gained mutation: You are frail. (-10% HP) [potion of
                  | mutation]
   986 | D:1      | Gained mutation: Your mind is acute. (Int +4, Str/Dex -1)
                  | [potion of mutation]
   986 | D:1      | Gained mutation: You possess an exceptional clarity of
                  | mind. [potion of mutation]
   986 | D:1      | Gained mutation: Your flesh is cold resistant. (rC+)
                  | [potion of mutation]
  1226 | D:$      | Got out of the dungeon alive.

Illustrated notes

Levels and vault maps discovered:
D:1:      dpeg_arrival_leaves_temple_mockup, layout_basic,
          dilly_ecumenical_altar_fadedgnrine, lexackson_kobold_supper

Skill      XL: |  1  2 |
---------------+-------+-----
Fighting       | 4 |  4.1
Armour         | 4 |  4.0
Shields        | 4 |  4.0
Long Blades    | |  2.5
Dodging        | |  0.3

Action                     || total
---------------------------++-------
  Melee: Long sword        ||    41
         Headbutt          ||     7
    Use: Potion            ||     2
 Armour: Scale mail        ||    23
  Dodge: Dodged            ||    16
  Block: Buckler           ||    12
